 Dungeon Crawl Stone Soup version 0.26-a0-651-gb41185065b (webtiles) character file.

Game seed: 7646230583663832640

160 Irenicus the Grasshopper (level 5, 0/64 HPs)
             Began as a Gnoll Warper on Oct 6, 2020.
             Succumbed to a scorpion's poison
             ... on level 4 of the Dungeon.
             The game lasted 00:08:22 (1464 turns).

Irenicus the Grasshopper (Gnoll Warper)             Turns: 1464, Time: 00:08:24

Health: 0/64       AC:  5    Str: 14    XL:     5   Next: 41%
Magic:  12/12      EV: 14    Int: 15    God:
Gold:   136        SH:  0    Dex: 13    Spells: 14/14 levels left

rFire    + . .     SeeInvis .   a - +0 falchion
rCold    + . .     Faith    .   (no shield)
rNeg     . . .     Spirit   .   b - +0 leather armour
rPois    .         Reflect  .   (no helmet)
rElec    +         Harm     .   o - scarf {rC+ rF+}
rCorr    .         Rampage  .   h - +0 pair of gloves
MR       .....                  l - +0 pair of boots
Stlth    ..........             i - amulet of the acrobat
HPRegen  0.20/turn              (no ring)
MPRegen  0.13/turn              (no ring)

@: berserking, lethally poisoned (0 -> -8), very quick
A: distributed training, fangs 1, clumsy 1, electricity resistance, wild magic
1, strong nose
a: no special abilities


You were on level 4 of the Dungeon.
You visited 1 branch of the dungeon, and saw 4 of its levels.

You collected 136 gold pieces.

Inventory:

Hand Weapons
 a - a +0 falchion (weapon)
Missiles
 e - 5 boomerangs of dispersal {=f}
 p - 6 silver javelins (quivered)
Armour
 b - a +0 leather armour (worn)
 h - a +0 pair of gloves (worn)
   (You found it on level 1 of the Dungeon)
 l - a +0 pair of boots (worn)
   (You found it on level 3 of the Dungeon)
 o - a scarf of resistance (worn)
   (You found it on level 2 of the Dungeon)
Jewellery
 i - an amulet of the acrobat (around neck)
   (You found it on level 2 of the Dungeon)
Scrolls
 c - a scroll of amnesia {unknown}
 d - a scroll of blinking {!r}
 g - 3 scrolls of identify {unknown}
 j - a scroll of fear {unknown}
 k - a scroll of remove curse
 n - a scroll of teleportation {unknown}
Potions
 f - a potion of might {unknown}
 m - a potion of ambrosia {unknown}
 q - a potion of brilliance {unknown}
 r - a potion of degeneration {unknown}


   Skills:
 + Level 4.8 Fighting
 + Level 1.4 Short Blades
 + Level 4.8 Long Blades
 + Level 1.4 Axes
 + Level 1.4 Maces & Flails
 + Level 1.4 Polearms
 + Level 1.4 Staves
 + Level 1.4 Slings
 + Level 1.4 Bows
 + Level 1.4 Crossbows
 + Level 3.0 Throwing
 + Level 3.0 Armour
 + Level 4.8 Dodging
 + Level 1.4 Stealth
 + Level 1.4 Shields
 + Level 1.4 Unarmed Combat
 + Level 5.2 Spellcasting
 + Level 1.1 Conjurations
 + Level 1.1 Hexes
 + Level 1.1 Summonings
 + Level 1.1 Necromancy
 + Level 5.5 Translocations
 + Level 1.1 Transmutations
 + Level 1.1 Fire Magic
 + Level 1.1 Ice Magic
 + Level 1.1 Air Magic
 + Level 1.1 Earth Magic
 + Level 1.1 Poison Magic
 + Level 1.6 Invocations
 + Level 1.4 Evocations


You had 14 spell levels left.
You didn't know any spells.
Your spell library contained the following spells:

 Spells                   Type           Power        Failure   Level
 Blink                    Tloc           N/A          5%          2
 Gell's Gravitas          Tloc           ####......   10%         3
 Lesser Beckoning         Tloc           ####......   10%         3
 Teleport Other           Tloc           ####....     10%         3
 Passage of Golubria      Tloc           N/A          28%         4


Dungeon Overview and Level Annotations

Branches:
Dungeon (4/15)
 Temple: D:4-7

Altars:


Innate Abilities, Weirdness & Mutations

Your experience applies equally to all skills.
You have very sharp teeth.
Your uncanny sense of smell can sniff out nearby items.
You are clumsy. (Dex -2)
You are resistant to electric shocks. (rElec)
Your spells are a little harder to cast, but a little more powerful.


Message History

The leopard gecko completely misses you.
Found a stone staircase leading up.
The leopard gecko completely misses you.
The leopard gecko closely misses you.
The leopard gecko bites you but does no damage.
A kobold comes into view. It is wielding a +0 whip.
The kobold shouts!
The kobold throws a stone.
The stone completely misses you.
The leopard gecko bites you but does no damage.
The kobold throws a stone.
The stone misses you.
There is an open door here.
You barely miss the leopard gecko. The leopard gecko closely misses you.
You riposte.
You closely miss the leopard gecko. The leopard gecko bites you.
* * * LOW HITPOINT WARNING * * *
You take 2 damage, and have 8/43 hp.
It was a potion of cancellation.
You feel magically purged.
The leopard gecko bites you but does no damage.
You closely miss the leopard gecko.
The leopard gecko bites you but does no damage.
You slash the leopard gecko!
You kill the leopard gecko!
You slash the kobold!
You kill the kobold!
You hit the rat but do no damage. The rat bites you.
* * * LOW HITPOINT WARNING * * *
You take 1 damage, and have 7/43 hp.
You hit the rat. You bite the rat, but do no damage.
The rat is heavily wounded.
The rat misses you.
You riposte.
You barely miss the rat.
The rat is heavily wounded.
You hit the rat but do no damage.
The rat is heavily wounded.
The rat bites you but does no damage.
You barely miss the rat.
The rat is heavily wounded.
The rat completely misses you.
You riposte.
You closely miss the rat.
The rat is heavily wounded.
You closely miss the rat.
The rat is heavily wounded.
The rat bites you but does no damage.
You hit the rat.
You kill the rat!
There is an open door here.
Things that are here:
a +0 whip; 2 stones You now have 136 gold pieces (gained 11).
You see here 6 silver javelins.
p - 6 silver javelins
There is a stone staircase leading down here.
You regained 3 hp, and now have 18/43 hp.
You climb downwards.
There is a stone staircase leading up here.
You open the door.
A scorpion comes into view.
There is an open door here.
You barely miss the scorpion. Your bite misses the scorpion.
The scorpion completely misses you.
You hit the scorpion.
The scorpion is lightly wounded.
The scorpion closely misses you.
You riposte.
You hit the scorpion.
The scorpion is heavily wounded.
You barely miss the scorpion.
The scorpion is heavily wounded.
The scorpion stings you but does no damage.
You barely miss the scorpion.
The scorpion is heavily wounded.
The scorpion stings you but does no damage.
You hit the scorpion but do no damage.
The scorpion is heavily wounded.
The scorpion stings you!
* * * LOW HITPOINT WARNING * * *
You take 9 damage, and have 11/43 hp.
MASSIVE DAMAGE!!
You hit the scorpion.
The scorpion is heavily wounded.
The scorpion closely misses you. The scorpion completely misses you.
The scorpion completely misses you. The scorpion completely misses you.
The scorpion closely misses you. The scorpion misses you.
You riposte.
You barely miss the scorpion.
The scorpion is heavily wounded.
You barely miss the scorpion.
The scorpion is heavily wounded.
The scorpion stings you but does no damage.
You hit the scorpion.
The scorpion is severely wounded.
The scorpion stings you.
* * * LOW HITPOINT WARNING * * *
You are lethally poisoned!
The scorpion poisons you!
You take 5 damage, and have 7/43 hp.
It was a potion of berserk rage.
A red film seems to cover your vision as you go berserk!
You feel yourself moving faster!
You feel mighty!
You feel sick. The scorpion stings you!
* * * LOW HITPOINT WARNING * * *
You now have 1/64 hp.
You barely miss the scorpion.
The scorpion is severely wounded.
You die...

### ##+# #.. ..
##...# #.# .#
##.....## #.# .#
#......<###.##.##
.........##.#...##
.........'.......#.#
.........##s#......#
#.......###.@......#
##.....## ###..###.#
##...# ..# ##+# .##
.# .# .. .#


You could see a scorpion.

Vanquished Creatures
  Jessica (D:3)
  5 adders
  2 oozes (D:2)
  A worm (D:2)
  6 leopard geckos
  4 orcs (D:3)
  A ball python (D:3)
  2 giant cockroaches
  9 goblins
  4 hobgoblins
  6 jackals
  7 bats
  5 frilled lizards
  7 kobolds
  6 rats
66 creatures vanquished.

Notes
Turn   | Place    | Note
-------+----------+-------------------------------------------
     0 | D:1      | Irenicus the Gnoll Warper began the quest for the Orb.
     0 | D:1      | Reached XP level 1. HP: 20/20 MP: 6/6
   298 | D:2      | Reached XP level 2. HP: 13/26 MP: 7/7
   392 | D:2      | Gained mutation: Your spells are a little harder to cast,
                  | but a little more powerful. [potion of mutation]
   392 | D:2      | Gained mutation: You are clumsy. (Dex -2) [potion of
                  | mutation]
   392 | D:2      | Gained mutation: You are resistant to electric shocks.
                  | (rElec) [potion of mutation]
   394 | D:2      | HP: 5/26 [adder (2)]
   405 | D:2      | Reached XP level 3. HP: 22/31 MP: 9/9
   443 | D:1      | Reached skill level 5 in Spellcasting
   665 | D:2      | Reached skill level 1 in Invocations
   693 | D:2      | Reached skill level 1 in Short Blades
   693 | D:2      | Reached skill level 1 in Axes
   693 | D:2      | Reached skill level 1 in Maces & Flails
   693 | D:2      | Reached skill level 1 in Polearms
   693 | D:2      | Reached skill level 1 in Staves
   693 | D:2      | Reached skill level 1 in Slings
   693 | D:2      | Reached skill level 1 in Bows
   693 | D:2      | Reached skill level 1 in Crossbows
   693 | D:2      | Reached skill level 1 in Stealth
   693 | D:2      | Reached skill level 1 in Shields
   693 | D:2      | Reached skill level 1 in Unarmed Combat
   693 | D:2      | Reached skill level 1 in Evocations
   742 | D:2      | Reached XP level 4. HP: 22/38 MP: 11/11
  1042 | D:3      | Reached skill level 1 in Conjurations
  1042 | D:3      | Reached skill level 1 in Hexes
  1042 | D:3      | Reached skill level 1 in Summonings
  1042 | D:3      | Reached skill level 1 in Necromancy
  1042 | D:3      | Reached skill level 1 in Transmutations
  1042 | D:3      | Reached skill level 1 in Fire Magic
  1042 | D:3      | Reached skill level 1 in Ice Magic
  1042 | D:3      | Reached skill level 1 in Air Magic
  1042 | D:3      | Reached skill level 1 in Earth Magic
  1042 | D:3      | Reached skill level 1 in Poison Magic
  1190 | D:3      | Noticed Jessica
  1214 | D:3      | Killed Jessica
  1214 | D:3      | Reached XP level 5. HP: 33/43 MP: 12/12
  1276 | D:3      | HP: 9/43 [leopard gecko (3)]
  1292 | D:3      | HP: 7/43 [leopard gecko (2)]
  1301 | D:3      | HP: 5/43 [kobold/+0 whip (4)]
  1316 | D:3      | HP: 4/43 [adder (3)]
  1322 | D:3      | Reached skill level 3 in Throwing
  1322 | D:3      | Reached skill level 3 in Armour
  1359 | D:3      | HP: 8/43 [leopard gecko (2)]
  1364 | D:3      | HP: 7/43 [rat (1)]
  1462 | D:4      | HP: 7/43 [scorpion (5)]
  1463 | D:4      | HP: 1/64 [scorpion (9)]
  1464 | D:4      | Succumbed to a scorpion's poison

Illustrated notes

Levels and vault maps discovered:
D:1:      erik_arrival_cave_to_civilisation [erik_arrival_cave_to_hall],
          layout_basic
D:2:      minmay_chambers_of_twos, layout_basic
D:3:      layout_basic, minmay_between, uniq_jessica
D:4:      layout_loops_corners, temple_hall

Skill      XL: |  1  2  3  4  5 |
---------------+----------------+-----
Spellcasting   | 5 |  5.2
Invocations    | 1 |  1.6
Short Blades   | 1 |  1.4
Axes           | 1 |  1.4
Maces & Flails | 1 |  1.4
Polearms       | 1 |  1.4
Staves         | 1 |  1.4
Slings         | 1 |  1.4
Bows           | 1 |  1.4
Crossbows      | 1 |  1.4
Stealth        | 1 |  1.4
Shields        | 1 |  1.4
Unarmed Combat | 1 |  1.4
Evocations     | 1 |  1.4
Conjurations   | 1 |  1.1
Hexes          | 1 |  1.1
Summonings     | 1 |  1.1
Necromancy     | 1 |  1.1
Transmutations | 1 |  1.1
Fire Magic     | 1 |  1.1
Ice Magic      | 1 |  1.1
Air Magic      | 1 |  1.1
Earth Magic    | 1 |  1.1
Poison Magic   | 1 |  1.1
Throwing       | 3 |  3.0
Armour         | 3 |  3.0
Fighting       | |  4.8
Long Blades    | |  4.8
Dodging        | |  4.8
Translocations | |  5.5

Action                   |  1- 3 |  4- 6 || total
-------------------------+-------+-------++-------
Melee: Falchion          |    87 |   105 ||   192
       Bite              |    14 |    18 ||    32
  Use: Scroll            |     1 |       ||     1
       Potion            |     2 |     2 ||     4
 Stab: Distracted        |     1 |       ||     1
Armor: Leather armour    |    20 |    33 ||    53
Dodge: Dodged            |    57 |   202 ||   259
       Rpst.: Falchion   |    18 |    66 ||    84

Table legend: (Time is in decaauts)
 A = Elapsed time spent in this place.
 B = Non-inter-level travel time spent in this place.
 C = Inter-level travel time spent in this place.
 D = Time resting spent in this place.
 E = Time spent auto-exploring this place.
 F = Levels seen in this place.
 G = Mean time per level.
                   A        B        C        D        E       F      G
               +--------+--------+--------+--------+--------+-----+--------+
         Total |   1485 |   1404 |     81 |      0 |      0 |   4 |  371.2 |
       Dungeon |   1485 |   1404 |     81 |      0 |      0 |   4 |  371.2 |
               +--------+--------+--------+--------+--------+-----+--------+

Top non-repeatable levels by time:
     D:3: 557 daAuts
     D:1: 489 daAuts
     D:2: 417 daAuts
     D:4: 21 daAuts

Table legend:
 A = Kills in this place as a percentage of kills in entire the game.
 B = Kills by you in this place as a percentage of kills by you in the entire game.
 C = Kills by friends in this place as a percentage of kills by friends in the entire game.
 D = Other kills in this place as a percentage of other kills in the entire game.
 E = Experience gained in this place as a percentage of experience gained in the entire game.
 F = Experience gained in this place divided by the number of levels of this place that you have seen.
                   A       B       C       D       E      F
               +-------+-------+-------+-------+-------+----------------------
         Total | 100.0 | 100.0 |   N/A |   N/A | 100.0 |  57.2
       Dungeon | 100.0 | 100.0 |   N/A |   N/A | 100.0 |  57.2
               +-------+-------+-------+-------+-------+----------------------
